[Event "*** Titled Tuesday Blitz"]
[Site "Chess.com"]
[Date "2020.10.27"]
[Round "3"]
[White "Kazakov_Konstantin"]
[Black "ASVZ"]
[Result "0-1"]
[WhiteElo "2682"]
[BlackElo "2448"]
[TimeControl "180+1"]
[EndTime "10:27:43 PDT"]
[Termination "ASVZ won by resignation"]

1. e4 e6 2. d4 d5 3. Nd2 Nc6 4. Ngf3 Nf6 5. e5 Nd7 6. Nb3 a5 7. a4 f6 8. Bb5 fxe5 9. dxe5 Be7 10. Nbd4 Ndb8 11. O-O O-O 12. c3 Nxd4 13. cxd4 c5 14. Be3 c4 15. b3 cxb3 16. Be2 b2 17. Ra2 Nc6 18. Rxb2 Nb4 19. Qb3 Bd7 20. Nd2 Qe8 21. Ra1 Rc8 22. h3 Qg6 23. Kh2 Nc2 24. Rf1 Bb4 25. Bd3 Nxe3 26. Bxg6 Nxf1+ 27. Nxf1 hxg6 28. Qg3 Kh7 29. Ne3 Bxa4 30. Qh4+ Kg8 31. Qg4 Kf7 32. Qf4+ Kg8 33. Qg5 Kh7 34. Ng4 Rf5 35. Qh4+ Rh5 36.
Qg3 Rc3 37. Qf4 Rf5 38. Nf6+ gxf6 39. Qh4+ Kg7 40. exf6+ Rxf6 41. Re2 Bd6+ 42. g3 Bd1 43. Rd2 Bf3 0-1

[Event "*** Titled Tuesday Blitz"]
[Site "Chess.com"]
[Date "2020.10.27"]
[Round "3"]
[White "VitaliyBernadskiy"]
[Black "SARGISMV"]
[Result "0-1"]
[WhiteElo "2747"]
[BlackElo "2524"]
[TimeControl "180+1"]
[EndTime "10:27:44 PDT"]
[Termination "SARGISMV won by checkmate"]

1. e4 e6 2. d4 d5 3. e5 c5 4. c3 Nc6 5. Nf3 Nh6 6. Bd3 cxd4 7. O-O dxc3 8. Nxc3 Nf5 9. Bg5 Be7 10. Bxe7 Nfxe7 11. Nb5 O-O 12. Bxh7+ Kxh7 13. Ng5+ Kg6 14.
h4 Nxe5 15. f4 Qb6+ 16. Kh2 Qxb5 17. fxe5 Qxb2 18. Qd3+ Nf5 19. Rae1 Rh8 20. Rf4 Bd7 21. Rg4 Rh5 22. Nxe6+ Kh6 23. Ng5 Be6 24. Rf1 g6 25.
Rxf5 Bxf5 26. Qxd5 Bxg4 27. Nxf7+ Kg7 28. Ng5 Rf8 29.
Qd6 Rxh4+ 30. Kg3 Qf2# 0-1

[Event "*** Titled Tuesday Blitz"]
[Site "Chess.com"]
[Date "2020.10.27"]
[Round "3"]
[White "Ind1anStar"]
[Black "winniethepooh04"]
[Result "1-0"]
[WhiteElo "2409"]
[BlackElo "2197"]
[TimeControl "180+1"]
[EndTime "10:27:45 PDT"]
[Termination "Ind1anStar won on time"]

1. d4 Nf6 2. Nf3 g6 3. Bf4 Bg7 4. e3 O-O 5. h3 d6 6. Be2 a6 7. c4 Qe8 8. O-O Nbd7 9. Nc3 c6 10.
Rc1 Nh5 11. Bh2 e5 12. b4 e4 13. Nd2 d5 14. Bxh5 gxh5 15. cxd5 f5 16. dxc6 bxc6 17.
Nc4 Qg6 18. d5 Bb7 19. Na5 Bc8 20. dxc6 Nf6 21. Kh1 h4 22. c7 Nh5 23. Nd5 Qg5 24. Bf4 Nxf4 25. exf4 Qh6 26. Rc6 Be6 27. Ne7+ Kh8 28.
Qd6 Rf6 29. Qc5 Bd7 30. Rxf6 Bxf6 31. Qd5 Qxf4 32. Qxa8+ Kg7 33. Qg8+ Kh6 34. Nd5 1-0

[Event "*** Titled Tuesday Blitz"]
[Site "Chess.com"]
[Date "2020.10.27"]
[Round "3"]
[White "Witik"]
[Black "witcher8"]
[Result "1-0"]
[WhiteElo "2699"]
[BlackElo "2434"]
[TimeControl "180+1"]
[EndTime "10:27:46 PDT"]
[Termination "Witik won by resignation"]

1. e4 c6 2. d4 d5 3. e5 Bf5 4. h4 Qb6 5. Nc3 h5 6. Nge2 e6 7. Ng3 Bg6 8. Nce2 c5 9. Nf4 cxd4 10. Nxg6 fxg6 11. Bd3 Ne7 12. Bg5 Nf5 13. O-O Nc6 14.
Qe2 Be7 15. Rfe1 Bxg5 16. hxg5 O-O-O 17. b4 Nxb4 18. Rab1 Qc5 19. Nxf5 gxf5 20. a3 Na2 21.
Ba6 Nc3 22. Bxb7+ Kc7 23. Qa6 Nxb1 24. Rxb1 Rhe8 25. Bc6 Qxc6 26. Qxa7+ 1-0

[Event "*** Titled Tuesday Blitz"]
[Site "Chess.com"]
[Date "2020.10.27"]
[Round "3"]
[White "pedro_nascimento85"]
[Black "Mimsychess"]
[Result "0-1"]
[WhiteElo "2002"]
[BlackElo "2320"]
[TimeControl "180+1"]
[EndTime "10:27:48 PDT"]
[Termination "Mimsychess won on time"]

1. d4 Nf6 2. c4 g6 3. Nc3 Bg7 4. e4 d6 5. Be2 O-O 6. Nf3 e5 7. d5 Na6 8. Bg5 h6 9. Bh4 Bd7 10. Nd2 c6 11. O-O cxd5 12. cxd5 Qe8 13. a3 Rc8 14.
Rc1 Nh5 15. b4 Nf4 16. Re1 f5 17. f3 g5 18. Bf2 Qg6 19. Bf1 g4 20. Nb3 Rc7 21.
Bxa7 Rfc8 22. Na2 gxf3 23. Qxf3 fxe4 24. Qxe4 Nh3+ 25. Kh1 Bf5 26. Qe2 Rxc1 27. Nbxc1 Rc2 28. Qf3 Nf4 29. g3 Bg4 30. Qe3 Qh5 31. Be2 Nxe2 32.
Nxe2 Bxe2 0-1

[Event "*** Titled Tuesday Blitz"]
[Site "Chess.com"]
[Date "2020.10.27"]
[Round "3"]
[White "talman67"]
[Black "PavelChernomordik"]
[Result "1-0"]
[WhiteElo "2538"]
[BlackElo "2288"]
[TimeControl "180+1"]
[EndTime "10:27:49 PDT"]
[Termination "talman67 won by resignation"]

1. e4 g6 2. d4 Bg7 3. Nc3 d6 4. Be3 a6 5. Qd2 b5 6. f3 Nd7 7. h4 h6 8. O-O-O Nb6 9. g4 e6 10. a3 Bb7 11. Nh3 Qd7 12. Kb1 Ne7 13. h5 g5 14. f4 gxf4 15. Nxf4 O-O-O 16. d5 Nc4 17. Bxc4 bxc4 18. Qe2 exd5 19. Nfxd5 Nxd5 20. Nxd5 Qb5 21. Bd4 Be5 22. Nc3 Qc6 23. Rhf1 f6 24. Rxf6 Bxf6 25.
Bxf6 Rhe8 26. Bxd8 Kxd8 27. Rd4 Qb6 28. Rxc4 Qg1+ 29.
Ka2 Rg8 30. e5 d5 31. Rb4 Kc8 32. e6 d4 33. e7 Bc6 34. Qe6+ 1-0

[Event "*** Titled Tuesday Blitz"]
[Site "Chess.com"]
[Date "2020.10.27"]
[Round "3"]
[White "jacky72"]
[Black "topotun"]
[Result "0-1"]
[WhiteElo "2523"]
[BlackElo "2780"]
[TimeControl "180+1"]
[EndTime "10:27:52 PDT"]
[Termination "topotun won by resignation"]

1. d4 Nf6 2. c4 c5 3. d5 e6 4. Nc3 exd5 5. cxd5 d6 6. Nf3 g6 7. Nd2 Bg7 8. e4 O-O 9. Be2 Re8 10. O-O Nbd7 11.
h3 a6 12. a4 g5 13. Nc4 Nxe4 14.
Nxe4 Rxe4 15. Nxd6 Rd4 16. Qc2 Nb6 17. Nxc8 Rxc8 18. Be3 Rb4 19. Qf5 Qxd5 20. Bg4 Qxf5 21. Bxf5 Rc7 22. Bxg5 Bxb2 23. a5 Nd5 24. Rad1 Bd4 25.
Rde1 Kg7 26. Re8 Bf6 27. Bd2 Rd4 28. Bc1 c4 29. g3 c3 30. h4 h6 31. Rfe1 c2 32.
Kg2 Rd1 33. Bg4 Rxc1 34. Rxc1 Bb2 35. Ree1 Bxc1 36. Rxc1 Nb4 37. Bf5 Rc5 38. Be4 f5 39. Bxc2 Rxc2 40. Rb1 Rc4 41. Kf3 Kf6 42. Ke3 Ke5 43.
Rb3 Nd5+ 44. Kd3 Rb4 45. Ra3 Rb5 46. Kc4 Kd6 47. f3 h5 48. Ra4 b6 49. Ra2 Rxa5 50.
Rd2 Ra4+ 51. Kb3 Rb4+ 52. Ka3 a5 53. g4 fxg4 54. fxg4 Rxg4 55. Rc2 b5 56. Rd2 Rxh4 57. Rd4 Rxd4 0-1

[Event "*** Titled Tuesday Blitz"]
[Site "Chess.com"]
[Date "2020.10.27"]
[Round "3"]
[White "BlackBoarder"]
[Black "Qvalda"]
[Result "1-0"]
[WhiteElo "2609"]
[BlackElo "2396"]
[TimeControl "180+1"]
[EndTime "10:27:52 PDT"]
[Termination "BlackBoarder won by checkmate"]

1. e4 g6 2. d4 Bg7 3. Nc3 d6 4. Be2 a6 5. a4 b6 6. h4 h6 7. h5 g5 8. f4 gxf4 9. Bxf4 Bb7 10.
Nf3 Nd7 11. Nh4 e5 12. Nf5 Bf6 13. Be3 Bg5 14. d5 Bxe3 15. Nxe3 Qg5 16. Nf5 O-O-O 17. Qd2 Qxd2+ 18. Kxd2 Re8 19. Raf1 f6 20. Bg4 Kd8 21.
Ng7 Re7 22. Ne6+ Kc8 23. Nf8 f5 24. Rxf5 Rg7 25. Ng6 Ne7 26. Nxh8 Rxg4 27. Rf7 Rxg2+ 28. Ke3 Kd8 29. Rhf1 Rg8 30. Rh7 c6 31. Nf7+ Kc7 32. Nxh6 Re8 33. Rff7 Kd8 34. dxc6 Bxc6 35. Rfg7 Nc8 36.
Nd5 b5 37. Nf7# 1-0

[Event "*** Titled Tuesday Blitz"]
[Site "Chess.com"]
[Date "2020.10.27"]
[Round "3"]
[White "Vandros57"]
[Black "WanderingPuppet"]
[Result "0-1"]
[WhiteElo "2207"]
[BlackElo "2504"]
[TimeControl "180+1"]
[EndTime "10:27:52 PDT"]
[Termination "WanderingPuppet won on time"]

1. d4 Nf6 2. Nf3 g6 3. c4 Bg7 4.
Nc3 O-O 5. e4 d6 6. Be2 Nbd7 7.
O-O e5 8. Qc2 Re8 9. Rd1 a6 10.
dxe5 dxe5 11. h3 h6 12. Be3 Kh7 13. Nd5 c6 14. Nb6 Rb8 15. c5 Qe7 16. Nxd7 Bxd7 17. b4 Nh5 18. Bc4 Be6 19. a4 Nf4 20. Bxf4 exf4 21.
e5 Bf5 22. Qc3 a5 23. Rd6 Be4 24. Re1 axb4 25. Qxb4 Bxf3 26. gxf3 Bxe5 27. Bf1 Qg5+ 28. Kh2 Bxd6 29. cxd6 Rxe1 30. Qxe1 Rd8 31. Qb4 Rd7 32.
Bc4 Qe5 33. Qb3 Kg7 34. a5 Qxd6 35. Qb2+ Qf6 0-1

[Event "*** Titled Tuesday Blitz"]
[Site "Chess.com"]
[Date "2020.10.27"]
[Round "3"]
[White "JoliyRoger"]
[Black "Leonid_Starozhilov"]
[Result "0-1"]
[WhiteElo "2411"]
[BlackElo "2640"]
[TimeControl "180+1"]
[EndTime "10:27:53 PDT"]
[Termination "Leonid_Starozhilov won on time"]

1. Nf3 Nf6 2. c4 g6 3. d4 Bg7 4.
Nc3 O-O 5. e4 d6 6. h3 c6 7. Bg5 a6 8. a3 b5 9. cxb5 axb5 10. Be2 Nbd7 11. O-O h6 12. Be3 Nb6 13. Qd2 Kh7 14. Rfd1 Be6 15. Qc2 Bc4 16. b3 Bxe2 17. Nxe2 Qd7 18. a4 bxa4 19. bxa4 Qe6 20. d5 Qxe4 21. Qxe4 Nxe4 22. Bxb6 Bxa1 23. Rxa1 cxd5 24. a5 Rfb8 25. Rc1 Rb7 26. Kf1 Kg7 27. Nf4 e6 28. Ke2 Rab8 29. Nd2 Nc5 30. Nd3 Na4 31. Be3 Ra8 32. Rc6 Rxa5 33. Rxd6 Nc3+ 34. Kf3 Nb5 0-1

[Event "*** Titled Tuesday Blitz"]
[Site "Chess.com"]
[Date "2020.10.27"]
[Round "3"]
[White "fabianvivasz"]
[Black "LubovMarkelova"]
[Result "1-0"]
[WhiteElo "2444"]
[BlackElo "2214"]
[TimeControl "180+1"]
[EndTime "10:27:55 PDT"]
[Termination "fabianvivasz won by resignation"]

1. e4 e5 2. Nf3 Nc6 3. Bc4 Bc5 4. c3 Nf6 5. d4 exd4 6. e5 d5 7. Bb5 Ne4 8. cxd4 Bb4+ 9. Bd2 Bxd2+ 10. Nbxd2 O-O 11.
Bxc6 bxc6 12. Qc2 Bf5 13. Qxc6 Rb8 14. Nb3 Rb6 15. Qa4 Rg6 16. g3 Bh3 17. Nfd2 f5 18. Qb5 c6 19. Qe2 a5 20. f3 Ng5 21. O-O-O Ne6 22.
Qd3 a4 23. Nc5 Nxc5 24. dxc5 Re8 25. Qd4 Rge6 26. f4 Bg4 27. Rde1 Qa5 28. h3 Bh5 29.
g4 fxg4 30. f5 Rh6 31. hxg4 Bf7 32. Rxh6 gxh6 33. e6 Bxe6 34. fxe6 1-0

[Event "*** Titled Tuesday Blitz"]
[Site "Chess.com"]
[Date "2020.10.27"]
[Round "3"]
[White "enriquetejedor"]
[Black "S2PAc"]
[Result "0-1"]
[WhiteElo "2454"]
[BlackElo "2809"]
[TimeControl "180+1"]
[EndTime "10:27:58 PDT"]
[Termination "S2PAc won on time"]

1. e4 e6 2. d4 d5 3. Nc3 Nc6 4.
e5 f6 5. f4 fxe5 6. dxe5 Bd7 7. Bd3 g6 8. h4 Qe7 9. Nf3 O-O-O 10. h5 gxh5 11. Rxh5 Be8 12. Rh1 Nb4 13. f5 Qg7 14.
Bg5 Bc5 15. Qe2 Nxd3+ 16. cxd3 exf5 17. Bxd8 Qg3+ 18. Kd2 Kxd8 19. Rae1 d4 20. Nd1 Bb4+ 21. Kc2 Bxe1 22. Rxe1 c5 23. e6 Qd6 24. Qf2 Ne7 25. Qh4 Kc7 26. Nf2 Nd5 27. Kb1 Bb5 28. Re5 Kb6 29.
Qh6 Nb4 30. Qd2 Re8 31. a3 Nc6 32. Re1 Rxe6 33. Rxe6 Qxe6 34. Kc1 Na5 35. Kb1 Bc6 36.
Qd1 Nb3 37. Nd2 Nxd2+ 38. Qxd2 Qe3 39. Qc2 Bd5 40. b3 a5 41. Nd1 Qe1 42. Kb2 f4 43. a4 h5 44. Nf2 Bxg2 45. Ne4 Bxe4 46. Qh2 Qc3+ 47. Ka2 Bxd3 48. Qxf4 Qc2+ 49. Ka3 Ka7 50. Qc7 Qc1+ 51. Ka2 Bb1+ 52. Ka1 Bc2+ 53. Ka2 Qb1+ 0-1

[Event "*** Titled Tuesday Blitz"]
[Site "Chess.com"]
[Date "2020.10.27"]
[Round "3"]
[White "Ranindu2003"]
[Black "tylityli"]
[Result "1-0"]
[WhiteElo "2556"]
[BlackElo "2241"]
[TimeControl "180+1"]
[EndTime "10:27:58 PDT"]
[Termination "Ranindu2003 won on time"]

1. e4 e5 2. Nf3 Nc6 3. Bc4 Nf6 4. d3 Be7 5. O-O O-O 6. Re1 d6 7. a4 Be6 8. Na3 Bxc4 9. Nxc4 h6 10. c3 Re8 11. a5 a6 12. b4 Bf8 13. Ne3 d5 14. Qc2 Qd7 15. exd5 Nxd5 16. Nc4 Qf5 17. Rb1 b5 18.
axb6 Nxb6 19. Ne3 Qg6 20. Nh4 Qh5 21. Nhf5 g6 22. Ng3 Qh4 23. b5 axb5 24. Rxb5 Qa4 25. Qb1 Qa2 26. Ng4 Bg7 27. Bxh6 Qxb1 28. Rbxb1 f5 29.
Bxg7 Kxg7 30. Ne3 f4 31. Rb5 fxe3 32. fxe3 Ra2 33. Ne4 Rea8 34. Rc5 Ra1 35. Rxa1 Rxa1+ 36. Kf2 Ne7 37. Rxc7 Kf8 38. Nc5 Nbd5 39. Rb7 Nxc3 40. Nd7+ Ke8 41. Nxe5 Ra2+ 42. Kf3 Ncd5 43. Rb8+ 1-0

[Event "*** Titled Tuesday Blitz"]
[Site "Chess.com"]
[Date "2020.10.27"]
[Round "3"]
[White "Chessmatus"]
[Black "PaulfromSPb"]
[Result "0-1"]
[WhiteElo "2420"]
[BlackElo "2666"]
[TimeControl "180+1"]
[EndTime "10:27:59 PDT"]
[Termination "PaulfromSPb won by resignation"]

1. e4 c5 2. Nf3 d6 3. d4 cxd4 4. Nxd4 Nf6 5. Nc3 a6 6. Be3 e5 7. Nb3 Be6 8. f3 Be7 9. Qd2 O-O 10. O-O-O a5 11. Bb5 Na6 12. a4 Nb4 13. Qf2 Nd7 14.
Nd5 Nxd5 15. exd5 Bf5 16. g4 Bg6 17. h4 Rc8 18. Bd3 Bxd3 19. Rxd3 Rc4 20. Kb1 Rxa4 21. g5 Rb4 22. Bd2 Rc4 23. Bxa5 Qa8 24. Bc3 Ra4 25. f4 Nc5 26. Rdh3 Rxf4 27. Qe3 Nxb3 28. cxb3 b5 29. b4 Qxd5 30. Rg1 Ra8 31. h5 g6 32.
hxg6 fxg6 33. Rgh1 Rf7 34. Qe2 Qa2+ 35. Kc2 Qc4 36.
Qg2 Raf8 37. Kb1 Rf1+ 38. Rxf1 Qxf1+ 39. Qxf1 Rxf1+ 40. Ka2 Rd1 41. Rg3 Kf7 42. Kb3 Ke6 43.
Kc2 Rf1 44. Rh3 Rf7 45. Rg3 d5 46. Kd3 d4 47. Bd2 Kd5 0-1

[Event "*** Titled Tuesday Blitz"]
[Site "Chess.com"]
[Date "2020.10.27"]
[Round "3"]
[White "Blitzstream"]
[Black "Casper_Schoppen"]
[Result "0-1"]
[WhiteElo "2722"]
[BlackElo "2965"]
[TimeControl "180+1"]
[EndTime "10:28:00 PDT"]
[Termination "Casper_Schoppen won by resignation"]

1. d4 Nf6 2. Bg5 Ne4 3. Bh4 c5 4. f3 Nf6 5. d5 d6 6. e4 g6 7. c3 Bg7 8. Nd2 O-O 9. Bc4 Na6 10. Ne2 Nc7 11. a4 e6 12. dxe6 Bxe6 13. Bxe6 Nxe6 14.
O-O g5 15. Bf2 d5 16. exd5 Qxd5 17. Ne4 Qc6 18. Nxf6+ Bxf6 19. Qb3 Rad8 20. Rad1 c4 21. Qb5 Qxb5 22. axb5 b6 23. Be3 Kg7 24. Ng3 Kg6 25.
Ne4 Be7 26. g3 f5 27. Nd2 Rc8 28. Ra1 Rc7 29. Ra4 Bc5 30. Nxc4 Rd8 31. Re1 Kf6 32.
Kf2 f4 33. gxf4 gxf4 34. Bd4+ Bxd4+ 35. cxd4 Rxd4 36. b3 Nc5 37. Rb4 Nd3+ 0-1

[Event "*** Titled Tuesday Blitz"]
[Site "Chess.com"]
[Date "2020.10.27"]
[Round "3"]
[White "Zmof"]
[Black "Zq1"]
[Result "1/2-1/2"]
[WhiteElo "2193"]
[BlackElo "2491"]
[TimeControl "180+1"]
[EndTime "10:28:00 PDT"]
[Termination "Game drawn - insufficient material"]

1. e4 c5 2. Nf3 d6 3. Bb5+ Bd7 4. Bxd7+ Nxd7 5. d4 cxd4 6. Qxd4 Ngf6 7. c4 e6 8. Nc3 a6 9. O-O Be7 10. b3 O-O 11. Bb2 Rb8 12. Rfe1 Qc7 13. Rac1 Rfd8 14. Qe3 Qc5 15. Qe2 Qh5 16. h3 Rdc8 17. e5 Nxe5 18. Nxe5 Qxe2 19. Rxe2 dxe5 20. Rxe5 Nd7 21. Re2 Bf6 22.
Ne4 Bxb2 23. Rxb2 Kf8 24. Rd2 Ke7 25. Rcd1 Rc7 26. Kf1 Nf6 27. Nxf6 gxf6 28. Ke2 b5 29. cxb5 axb5 30. a4 bxa4 31. bxa4 Ra8 32. Ra1 Ra5 33. g4 Rc4 34. Rda2 h5 35. f3 h4 36. Ra3 Rb4 37.
Ke3 Kd6 38. R1a2 Ke5 39. Ra1 f5 40. R1a2 fxg4 41. hxg4 f5 42. gxf5 Kxf5 43. Ra1 Re5+ 44. Kd3 Ra5 45. Ke3 h3 46. Rh1 Rh4 47. Kf2 Kf4 48. Re3 Rxa4 49. Rxe6 Ra2+ 50. Re2 Rxe2+ 51. Kxe2 h2 52. Kf2 Rh5 53. Kg2 Ra5 54. Rxh2 Ra2+ 55. Kh3 Ra6 56. Kg2 Ra2+ 57. Kh3 Rxh2+ 58. Kxh2 Kxf3 1/2-1/2

[Event "*** Titled Tuesday Blitz"]
[Site "Chess.com"]
[Date "2020.10.27"]
[Round "3"]
[White "mishanick"]
[Black "Mr_Sinigami"]
[Result "1-0"]
[WhiteElo "2991"]
[BlackElo "2472"]
[TimeControl "180+1"]
[EndTime "10:28:02 PDT"]
[Termination "mishanick won on time"]

1. d4 Nf6 2. c4 c5 3. d5 b5 4.
cxb5 a6 5. bxa6 e6 6. dxe6 fxe6 7. g3 d5 8. Bg2 Bxa6 9. Nf3 Nc6 10. O-O Be7 11. Ng5 Qd6 12. Bh3 Nd4 13. Nc3 h6 14. Nf3 Nxf3+ 15. exf3 Bxf1 16. Qxf1 O-O 17. f4 e5 18.
fxe5 Qxe5 19. Bf4 Qh5 20. Be6+ Kh8 21. Re1 d4 22. Ne4 Nxe4 23. Rxe4 Bf6 24. Qd3 Rfe8 25. h4 Qg6 26. Qf3 Bxh4 27. Bd5 Rad8 28. Qe2 Bf6 29. Bc6 Rxe4 30. Bxe4 Qf7 31. b3 Qd7 32. Bd3 Re8 33. Qh5 Re1+ 34. Kg2 Qc6+ 35. f3 Rd1 36. Qf5 Kg8 37.
Qh7+ Kf7 38. Bc4+ Ke7 39. Qg8 d3 40. Qf7+ Kd8 41. Qf8+ Kd7 42. Qb8 Bd4 43. Bb5 Qxb5 44. Qxb5+ Ke6 45. Qe8+ Kf6 46. Qf8+ Kg6 47. g4 Kh7 48.
Qf5+ Kg8 49. g5 hxg5 50. Bxg5 Rg1+ 51. Kh2 Rd1 52. Qe6+ 1-0

[Event "*** Titled Tuesday Blitz"]
[Site "Chess.com"]
[Date "2020.10.27"]
[Round "3"]
[White "kinga2008"]
[Black "bazar-wokzal"]
[Result "0-1"]
[WhiteElo "2123"]
[BlackElo "2493"]
[TimeControl "180+1"]
[EndTime "10:28:02 PDT"]
[Termination "bazar-wokzal won by resignation"]

1. e4 Nc6 2. d4 d5 3. exd5 Qxd5 4. Nf3 Bg4 5. Be2 O-O-O 6. Be3 Nh6 7. O-O Nf5 8. Nc3 Nxe3 9. fxe3 Qh5 10. h3 Bxf3 11. Bxf3 Qh6 12. Qd3 e5 13. Qf5+ Qe6 14. Qd3 Nb4 15. Qb5 Qa6 16. Qxe5 Bd6 17. Qf5+ Kb8 18.
a3 g6 19. Qe4 f5 20. Qxb7+ Qxb7 21. Bxb7 Nxc2 22. Rac1 Nxe3 23. Rfe1 Kxb7 24. Rxe3 Bf4 25. Kf2 Rxd4 26. Ne2 Bxe3+ 27. Kxe3 Re4+ 28. Kf3 Rd8 29. Nc3 Rd3+ 30. Kf2 Rd2+ 31. Kf3 Re5 32. Na4 Rd3+ 33. Kf2 Rd2+ 34. Kf3 Ree2 35. Nc5+ Kc8 36. Na6 Rf2+ 37. Ke3 Rc2 38. Rd1 Rce2+ 39. Kd3 Rxb2 40. Nc5 Rxg2 41. Re1 Rbd2+ 42. Kc4 Kd8 43. Ne6+ Kd7 44. Nf8+ Kc6 45. Re6+ Rd6 46. Nxh7 Rxe6 47. Nf8 Re4+ 0-1

[Event "*** Titled Tuesday Blitz"]
[Site "Chess.com"]
[Date "2020.10.27"]
[Round "3"]
[White "FloMaster111"]
[Black "Snegokhod"]
[Result "0-1"]
[WhiteElo "2627"]
[BlackElo "2431"]
[TimeControl "180+1"]
[EndTime "10:28:03 PDT"]
[Termination "Snegokhod won on time"]

1. e4 c5 2. c3 e6 3. d4 d5 4. exd5 exd5 5. Nf3 Nf6 6. Bb5+ Bd7 7.
Bxd7+ Nbxd7 8. O-O Be7 9. Re1 O-O 10. Bg5 c4 11. Nbd2 b5 12. Qc2 h6 13. Bh4 Re8 14.
Ne5 Nxe5 15. dxe5 Nd7 16. Bxe7 Rxe7 17. Nf3 Nc5 18. Rad1 Nd3 19. Rxd3 cxd3 20. Qxd3 a6 21. Nd4 Rc8 22. f4 Qb6 23. Qe3 b4 24. Nf5 Qxe3+ 25. Rxe3 Re6 26. cxb4 Rc1+ 27. Kf2 Rc2+ 28. Re2 Rxe2+ 29. Kxe2 f6 30. Nd4 Rb6 31. a3 fxe5 32.
fxe5 Kf7 33. Ke3 Rg6 34. g3 Rg4 35. Kd3 Re4 36. Nf3 Ke6 37. h4 Rg4 38. Ke3 Rxg3 39. Kf4 Rg2 40. Nd4+ Kd7 41. b3 Rd2 42. Nf5 Rf2+ 43.
Kg4 Ke6 44. Nxg7+ Kxe5 45. Kg3 Rb2 46. Nh5 Rxb3+ 47. Kg4 Rxa3 48. Nf4 Rb3 49. Ng6+ Kf6 50. Kh5 Rxb4 51. Nf8 a5 52. Nd7+ Ke7 53. Ne5 Kd6 54.
Nd3 Rd4 0-1

[Event "*** Titled Tuesday Blitz"]
[Site "Chess.com"]
[Date "2020.10.27"]
[Round "3"]
[White "Gabix_94"]
[Black "mjray79"]
[Result "1-0"]
[WhiteElo "2792"]
[BlackElo "2455"]
[TimeControl "180+1"]
[EndTime "10:28:04 PDT"]
[Termination "Gabix_94 won by checkmate"]

1. c4 Nf6 2. Nc3 g6 3. e4 d6 4. g3 Bg7 5. Bg2 O-O 6. Nge2 c5 7. O-O Nc6 8. d3 a6 9. h3 Rb8 10. a4 Ne8 11. Be3 Nc7 12. d4 cxd4 13. Nxd4 Ne6 14. Nde2 Nc7 15. Rb1 b5 16. cxb5 axb5 17. b4 bxa4 18.
b5 Ne5 19. b6 Ne6 20. Qxa4 Bb7 21. Rfd1 Bc6 22. Qb3 Nd7 23. Qc4 Ba8 24. Nd5 Bxd5 25. exd5 Nec5 26. Nd4 Nxb6 27. Qe2 Rb7 28. Nc6 Qc7 29.
Rdc1 Nba4 30. Rxb7 Qxb7 31. Bg5 Re8 32. Nxe7+ Kf8 33.
Re1 Qd7 34. h4 f6 35. Nxg6+ hxg6 36. Be3 Nc3 37. Qc2 N3e4 38. Kh2 f5 39. Rb1 Nf6 40.
Bxc5 Ng4+ 41. Kg1 dxc5 42. Qxc5+ Qe7 43. d6 Qe2 44. d7+ Kf7 45. dxe8=Q+ Kxe8 46. Qc8+ Kf7 47. Rb7+ Kf6 48. Qd8+ Ke5 49. Re7+ Kf6 50. Rxe2+ Kf7 51. Bd5# 1-0

[Event "*** Titled Tuesday Blitz"]
[Site "Chess.com"]
[Date "2020.10.27"]
[Round "3"]
[White "maciek_92"]
[Black "PSvidler"]
[Result "0-1"]
[WhiteElo "2695"]
[BlackElo "2921"]
[TimeControl "180+1"]
[EndTime "10:28:05 PDT"]
[Termination "PSvidler won by resignation"]

1. e4 c5 2. Nf3 d6 3. d4 cxd4 4. Nxd4 Nf6 5. Nc3 a6 6. Bg5 Nbd7 7. Qe2 h6 8. Bh4 g6 9. O-O-O Bg7 10. Kb1 Qc7 11.
f4 b5 12. a3 Bb7 13. Nb3 O-O 14. g4 Rac8 15. Bg2 Qb6 16. Nd5 Bxd5 17. exd5 Rc4 18. Bf2 Qc7 19. Bd4 a5 20. g5 hxg5 21. fxg5 Nh5 22. Bxg7 Nxg7 23. Nd4 Ne5 24. h4 Rc8 25. Be4 Qb6 26. c3 b4 27. h5 bxc3 28.
hxg6 fxg6 29. Qh2 Qxb2+ 30. Qxb2 cxb2 31. Bc2 Rb8 32. Rh6 Rc3 33. Bxg6 Nxg6 34. Rxg6 Rxa3 35.
Kc2 Ra1 36. Rb1 Kf7 37. Rh6 Ra4 38. Nc6 Rc4+ 39. Kd2 Rb5 40. Nd8+ Ke8 41. Ne6 Rxd5+ 42. Ke3 Nxe6 43. Rxe6 Rb4 44. g6 Rg5 45. Kf3 Kd7 46.
Rbe1 b1=Q 47. Rxe7+ Kc6 48. Rxb1 Rxb1 49. g7 0-1

[Event "*** Titled Tuesday Blitz"]
[Site "Chess.com"]
[Date "2020.10.27"]
[Round "3"]
[White "vanyakuba"]
[Black "politeplayer"]
[Result "1/2-1/2"]
[WhiteElo "2495"]
[BlackElo "2206"]
[TimeControl "180+1"]
[EndTime "10:28:07 PDT"]
[Termination "Game drawn by repetition"]

1. e4 e5 2. Nf3 Nf6 3. Nc3 Bb4 4. d3 Nc6 5. g3 d5 6. exd5 Nxd5 7. Bd2 Nxc3 8.
bxc3 Bc5 9. Bg2 Bg4 10. h3 Bh5 11. Rb1 Bb6 12. O-O O-O 13. g4 Bg6 14. Ng5 e4 15.
Nxe4 f5 16. Ng5 Qd6 17. Rb5 h6 18. Rd5 Qg3 19. Bf4 Qxf4 20. Ne6 Qg3 21. d4 Qh4 22. Nf4 Bf7 23. Rxf5 Bc4 24. Rh5 Qd8 25. Bd5+ Bxd5 26. Rxd5 Qh4 27. Ng6 Qxh3 28. Nxf8 Rxf8 29. Rf5 Rxf5 30.
gxf5 Ne5 31. dxe5 Qg3+ 32. Kh1 Qh3+ 33. Kg1 Qg3+ 34. Kh1 Qh3+ 35. Kg1 1/2-1/2

[Event "*** Titled Tuesday Blitz"]
[Site "Chess.com"]
[Date "2020.10.27"]
[Round "3"]
[White "SanchezKelvin"]
[Black "sokidze"]
[Result "0-1"]
[WhiteElo "2405"]
[BlackElo "2633"]
[TimeControl "180+1"]
[EndTime "10:28:08 PDT"]
[Termination "sokidze won on time"]

1. d4 Nf6 2. c4 e6 3. Nf3 b6 4.
g3 c6 5. Bg2 Be7 6. O-O O-O 7.
Nc3 d5 8. Ne5 Ba6 9. e4 Bxc4 10.
Nxc4 dxc4 11. d5 e5 12. f4 Bd6 13. Qe2 b5 14. dxc6 Nxc6 15. Kh1 Nd4 16. Qd1 b4 17. Nd5 Nxd5 18. exd5 Rc8 19. Be3 Nf5 20. Bxa7 exf4 21. Bh3 Qf6 22. Qc2 g6 23. gxf4 Rc7 24. Bg1 Ne7 25. Bg2 c3 26. bxc3 Qxc3 27. Qe2 Qg7 28. Rad1 Nf5 29. Bh3 Qf6 30. Qd3 Rcc8 0-1

[Event "*** Titled Tuesday Blitz"]
[Site "Chess.com"]
[Date "2020.10.27"]
[Round "3"]
[White "KaterinaMiroshnik"]
[Black "kamilianin235"]
[Result "1-0"]
[WhiteElo "2496"]
[BlackElo "2125"]
[TimeControl "180+1"]
[EndTime "10:28:08 PDT"]
[Termination "KaterinaMiroshnik won on time"]

1. Nf3 d5 2. c3 Nf6 3. Qc2 c6 4. d4 g6 5. e3 Bg7 6. Bd3 Nbd7 7.
O-O Qc7 8. a4 O-O 9. Nbd2 e5 10.
dxe5 Ng4 11. h3 Ngxe5 12. Be2 Nxf3+ 13. Nxf3 Ne5 14. a5 Bf5 15. Qd1 Rfe8 16. Nd4 Bd7 17.
a6 b6 18. b3 f5 19. Bb2 Nf7 20. Bf3 Nd6 21. Qc2 Ne4 22. Be2 Qd6 23. Nf3 Qf6 24. Rab1 Nxc3 25. Rbe1 Nxe2+ 26. Rxe2 Qe7 27. Bxg7 Qxg7 28.
Nd4 c5 29. Nf3 Bb5 30. Rd2 Bxf1 31. Kxf1 Rad8 32. Kg1 Qe7 33. Qd1 Qe4 34. Ng5 Qe7 35.
h4 d4 36. e4 fxe4 37. Re2 e3 38. fxe3 dxe3 39. Qf1 Rf8 40. Qe1 Qe5 41. Rxe3 Qf5 42.
Rf3 Qd7 43. Rxf8+ Rxf8 44. Qe4 1-0

[Event "*** Titled Tuesday Blitz"]
[Site "Chess.com"]
[Date "2020.10.27"]
[Round "3"]
[White "Oligan22"]
[Black "oogee"]
[Result "1-0"]
[WhiteElo "2421"]
[BlackElo "2202"]
[TimeControl "180+1"]
[EndTime "10:28:08 PDT"]
[Termination "Oligan22 won on time"]

1. e4 c5 2. Nf3 d6 3. d4 cxd4 4. Nxd4 Nf6 5. Nc3 g6 6. Be3 Bg7 7. f3 O-O 8. Qd2 Nc6 9. O-O-O d5 10. Kb1 Qd7 11. Qe1 dxe4 12. Bb5 Qc7 13. fxe4 Ng4 14.
Nd5 Qe5 15. Bf4 Qxd4 16. Rxd4 Nxd4 17. Nxe7+ Kh8 18. Nxc8 Nxb5 19. Ne7 Rfe8 20. Nd5 Rad8 21. Qb4 Nd4 22. Re1 Nc6 23. Qxb7 Nce5 24. h3 Nf2 25.
Qxa7 Nc4 26. Qxf2 Nxb2 27. Bh6 Bxh6 28. Kxb2 Bg7+ 29. Kc1 Rd7 30. Nf6 Bh6+ 31. Kb2 Rb7+ 32. Ka1 Bg7 33. e5 Reb8 34. Qh4 h6 35. Qc4 Re7 36. Ng4 h5 37. Nf2 1-0